 Dungeon Crawl Stone Soup version 0.31.0-32-g396128a36d (webtiles) character file.

Game seed: 4984472698067886458

702 spaghetti the Shooter (level 7, 0/50 HPs)
             Began as a Demonspawn Hunter on Apr 2, 2024.
             Was an Initiate of Yredelemnul.
             Slain by a white imp (2 damage)
             ... on level 6 of the Dungeon.
             The game lasted 00:07:11 (4961 turns).

spaghetti the Shooter (Demonspawn Hunter)           Turns: 4961, Time: 00:07:11

Health: 0/50       AC:  4    Str: 12    XL:     7   Next: 38%
Magic:  11/11      EV: 12    Int:  9    God:    Yredelemnul [......]
Gold:   141        SH:  4    Dex: 18    Spells: 6/6 levels left

rFire   . . .        j - +0 orcbow (freeze)
rCold   . . .        (shield currently unavailable)
rNeg    . . .        c - +0 leather armour
rPois   .            (helmet restricted)
rElec   .            d - +0 cloak
rCorr   .            (no gloves)
SInv    +            (no boots)
Will    .....        (no amulet)
Stlth   ++           m - ring of see invisible
HPRegen 0.28/turn    (no ring)
MPRegen 0.12/turn

%: no passive effects
@: no status effects
A: horns 1, large bone plates 1, powered by death 1, demonic magic 1, screaming
1
a: Renounce Religion, Recall Undead Harvest


You were on level 6 of the Dungeon.
You worshipped Yredelemnul.
Yredelemnul was noncommittal.
You visited 1 branch of the dungeon, and saw 6 of its levels.

You collected 240 gold pieces.
You spent 99 gold pieces at shops.

Inventory:

Hand Weapons
 a - a +0 shortbow
 j - a +0 orcbow of freezing (weapon)
Missiles
 r - 3 throwing nets
Armour
 c - a +0 leather armour (worn)
 d - a +0 cloak (worn)
Jewellery
 m - a ring of see invisible (left hand)
 q - a ring of protection from fire
Wands
 h - a wand of paralysis (8)
Scrolls
 e - 2 scrolls of noise
 g - a scroll of fog
Potions
 b - a potion of brilliance
 i - a potion of mutation


   Skills:
 - Level 2.0 Fighting
 * Level 6.8 Ranged Weapons
 - Level 1.7 Dodging
 - Level 0.8 Stealth
 + Level 6.5 Invocations


You had 6 spell levels left.
You didn't know any spells.
Your spell library contained the following spells:

 Spells                   Type           Power      Damage    Failure   Level
 Apportation              Tloc           0%         N/A       45%         1
 Necrotise                Necr           0%         1d4       45%         1
 Sting                    Conj/Alch      0%         1d3       45%         1
 Summon Small Mammal      Summ           0%         N/A       45%         1


Dungeon Overview and Level Annotations

Branches:
Dungeon (6/15)
 Temple: D:4-7

Altars:
Dithmenos
Nemelex Xobeh
Okawaru
Yredelemnul

Shops:
D:5 (


Innate Abilities, Weirdness & Mutations

You have a pair of small horns on your head.
You are partially covered in large bone plates. (SH +4)
You regenerate a little health from kills.
Spells you cast may paralyse adjacent enemies.
You occasionally shout uncontrollably at your foes.


Message History

You are too injured to fight recklessly!
You are too injured to fight recklessly!
You are too injured to fight recklessly!
You are too injured to fight recklessly!
You are too injured to fight recklessly!
You are too injured to fight recklessly!
You are too injured to fight recklessly!
You are too injured to fight recklessly!
You shoot an arrow. The arrow misses the ufetubus.
The ufetubus slips past you! You block the ufetubus's attack.
The ufetubus hits you.
Okay, then.
You shoot an arrow. The arrow closely misses the ufetubus.
The ufetubus closely misses you. The ufetubus barely misses you.
The ufetubus hits you.
* * * LOW HITPOINT WARNING * * *
The ufetubus misses you. The white imp closely misses you.
Unknown command.
You shoot an arrow. The arrow misses the ufetubus.
The ufetubus misses you. You block the ufetubus's attack.
The white imp hits you.
* * * LOW HITPOINT WARNING * * *
The white imp freezes you.
* * * LOW HITPOINT WARNING * * *
The ufetubus misses you. The ufetubus closely misses you.
Unknown command.
Okay, then.
Okay, then.
The ufetubus misses you. The ufetubus closely misses you.
The white imp attacks as it pursues you!
The white imp hits you.
* * * LOW HITPOINT WARNING * * *
The white imp freezes you.
* * * LOW HITPOINT WARNING * * *
The ufetubus attacks as it pursues you! The ufetubus hits you.
* * * LOW HITPOINT WARNING * * *
The ufetubus closely misses you.
There is a stone staircase leading down here.
The ufetubus closely misses you. The ufetubus barely misses you.
The white imp hits you.
You die...
Your body rises from the dead as a mindless zombie.

... #.. ..## .
#..# ..
######..## ...
#........# ....
#........##.....
........@.......
.......55#####..
.......<..#
.###......#
+......#
#.......#
........##
##########


You could see a white imp and an ufetubus.

Vanquished Creatures
  A scorpion (D:5)
  A bombardier beetle (D:5)
  A quasit (D:3)
  An orc priest (D:4)
  A jelly (D:5)
  A sleepcap (D:4)
  2 orc wizards (D:5)
  An iguana (D:5)
  6 gnolls
  3 adders
  A shadow imp (D:4)
  3 white imps (D:4)
  5 ufetubi
  2 dart slugs
  8 orcs
  2 ball pythons
  7 bats
  5 endoplasms
  5 giant cockroaches
  4 goblins
  5 hobgoblins
  7 jackals
  4 quokkas
  A frilled lizard (D:1)
  8 kobolds
  5 rats
90 creatures vanquished.

Vanquished Creatures (collateral kills)
  A black bear (D:4)
  A quasit (D:4)
  A sleepcap (D:5)
  A gnoll (D:4)
  An adder (D:4)
  A white imp (D:4)
  An ufetubus (D:4)
  A ribbon worm (D:4)
  A ball python (D:3)
  An endoplasm (D:4)
  A goblin (D:3)
  A bat (D:2)
12 creatures vanquished.

Vanquished Creatures (others)
  3 orc zombies (D:5)
  2 gnoll zombies (D:4)
  2 jackal zombies (D:5)
  A spectral ufetubus (D:4)
8 creatures vanquished.

Grand Total: 110 creatures vanquished

Notes
Turn   | Place    | Note
-------+----------+-------------------------------------------
     0 | D:1      | spaghetti the Demonspawn Hunter began the quest for the
                  | Orb.
     0 | D:1      | Reached XP level 1. HP: 16/16 MP: 1/1
    96 | D:1      | You fall into a shaft and drop 1 floor!
   260 | D:2      | Gained mutation: You regenerate a little health from kills.
                  | [demonic ancestry]
   260 | D:2      | Reached XP level 2. HP: 22/22 MP: 2/2
   681 | D:1      | Gained mutation: You have a pair of small horns on your
                  | head. [demonic ancestry]
   681 | D:1      | Reached XP level 3. HP: 27/27 MP: 3/3
  1191 | D:2      | Found a sparkling altar of Nemelex Xobeh.
  1205 | D:2      | Found a faded altar of an unknown god.
  1289 | D:2      | Prayed at the altar of an unknown god.
  1289 | D:2      | Became a worshipper of Yredelemnul the Dark
  1289 | D:2      | Reached * piety under Yredelemnul
  1932 | D:3      | Reached skill level 5 in Ranged Weapons
  1966 | D:3      | Reached skill level 1 in Invocations
  1966 | D:3      | Gained mutation: Spells you cast may paralyse adjacent
                  | enemies. [demonic ancestry]
  1966 | D:3      | Reached XP level 4. HP: 33/33 MP: 4/4
  2184 | D:4      | Gained mutation: You occasionally shout uncontrollably at
                  | your foes. [potion of mutation]
  2359 | D:3      | Reached XP level 5. HP: 14/38 MP: 5/7
  2681 | D:4      | Found a shadowy altar of Dithmenos.
  2898 | D:4      | Reached XP level 6. HP: 14/44 MP: 9/9
  3326 | D:4      | Reached ** piety under Yredelemnul
  3326 | D:4      | Reached skill level 5 in Invocations
  3471 | D:5      | Entered Level 5 of the Dungeon
  3959 | D:5      | Gained mutation: You are partially covered in large bone
                  | plates. (SH +4) [demonic ancestry]
  3959 | D:5      | Reached XP level 7. HP: 50/50 MP: 11/11
  4426 | D:5      | Found an iron altar of Okawaru.
  4579 | D:5      | Found Ducuqimo's Weapon Boutique.
  4587 | D:5      | Bought a +0 orcbow of freezing for 99 gold pieces
  4632 | D:6      | Noticed a steam dragon
  4960 | D:6      | HP: 2/50 [ufetubus (2)]
  4961 | D:6      | Slain by a white imp

Illustrated notes

Levels and vault maps discovered:
D:1:      dpeg_arrival_rhombus, layout_loops_corners, grunt_decor_mini_mirrors
D:2:      layout_loops_ring, basic_altar, ebering_ecumenical_altar_box
D:3:      layout_loops_ring
D:4:      layout_rooms, nicolae_overflow_crystal_walls, serial_demonic,
          serial_demonic_a, serial_demonic_d, serial_demonic_e,
          serial_demonic_g, serial_demonic_a, serial_demonic_c, serial_demonic_b
D:5:      layout_basic, mainiacjoe_overflow_six_doors_small, serial_shops,
          nicolae_shop_waterfront
D:6:      layout_cave_pods, hellmonk_overflow_destroyed_library, serial_shops,
          kennysheep_mini, nicolae_shop_rolling_square,
          nicolae_inconvenience_store, uniq_menkaure, uniq_eustachio,
          uniq_crazy_yiuf_cottage

Skill      XL: |  1  2  3  4  5  6  7 |
---------------+----------------------+-----
Ranged Weapons | 4 5 6 |  6.8
Invocations    | 1 3 4 5 6 |  6.5
Fighting       | |  2.0
Dodging        | |  1.7
Stealth        | |  0.8

Action                     |  1- 3 |  4- 6 |  7- 9 || total
---------------------------+-------+-------+-------++-------
  Melee: Unarmed           |       |     5 |       ||     5
         Headbutt          |       |     1 |     1 ||     2
         Shortbow          |       |       |     5 ||     5
   Fire: Shortbow          |   127 |   195 |    43 ||   365
         Orcbow            |       |       |    10 ||    10
  Evoke: Wand              |       |     1 |       ||     1
    Use: Scroll            |     3 |     6 |       ||     9
         Potion            |       |     8 |     2 ||    10
 Armour: Leather armour    |    31 |   184 |    33 ||   248
  Dodge: Dodged            |    34 |   223 |    24 ||   281
  Block: Other             |       |       |     4 ||     4
